 Dungeon Crawl Stone Soup version 0.30.1-3-gfc49f6343a (webtiles) character file.

Game seed: 4204644566549785973

58 Babbit the Covered (level 3, -1/33 HPs)
             Began as a Minotaur Fighter on July 19, 2023.
             Slain by Sigmund
             ... wielding a +0 scythe
              (8 damage)
             ... on level 2 of the Dungeon.
             The game lasted 00:11:30 (1315 turns).

Babbit the Covered (Minotaur Fighter)               Turns: 1315, Time: 00:11:31

Health: -1/33      AC:  7    Str: 22    XL:     3   Next: 76%
Magic:  2/2        EV:  9    Int:  5    God:
Gold:   61         SH:  9    Dex:  9    Spells: 2/2 levels left

rFire   . . .        a - +0 war axe
rCold   + . .        c - +0 buckler
rNeg    . . .        b - +0 scale mail
rPois   .            (helmet restricted)
rElec   .            (no cloak)
rCorr   .            (no gloves)
SInv    .            (no boots)
Will    .....        h - amulet of reflection Stlth
                     e - ring of protection from cold
HPRegen 0.25/turn    (no ring)
MPRegen 0.08/turn

%: reflection
@: no status effects
A: horns 2, retaliatory headbutt
a: no special abilities


You were on level 2 of the Dungeon.
You visited 1 branch of the dungeon, and saw 2 of its levels.

You collected 61 gold pieces.

Inventory:

Hand Weapons
 a - a +0 war axe (weapon)
Armour
 b - a +0 scale mail (worn)
 c - a +0 buckler (worn)
Jewellery
 e - a ring of protection from cold (left hand)
 h - an amulet of reflection (around neck)
Scrolls
 j - a scroll of vulnerability {unknown}
Potions
 d - 3 potions of might
 f - a potion of mutation {unknown}
 g - a potion of invisibility
 i - a potion of curing {unknown}


   Skills:
 + Level 4.1 Fighting
 * Level 3.5 Axes
 + Level 4.2 Armour
 + Level 4.1 Shields


You had 2 spell levels left.
You didn't know any spells.
Your spell library contained the following spells:

 Spells                   Type           Power      Damage    Failure   Level
 Magic Dart               Conj           0%         1d3       86%         1
 Cigotuvi's Dreadful Rot  Necr/Pois/Air  0%         N/A       94%         2
 Searing Ray              Conj           0%         2d4       94%         2
 Vhi's Electric Charge    Tloc/Air       0%         N/A       99%         3
 Fulminant Prism          Conj/Hex       0%         3d5       100%        4


Dungeon Overview and Level Annotations

Branches:
Dungeon (2/15)

Altars:

Annotations:
D:2 Sigmund


Innate Abilities, Weirdness & Mutations

You have a pair of horns on your head.
You reflexively headbutt those who attack you in melee.


Message History

j - a scroll labelled VACEUL LAUPN
Found a potion of might.
d - 3 potions of might (gained 1)
A hobgoblin comes into view.
You slash the hobgoblin!
You kill the hobgoblin!
You see here a hobgoblin corpse.
You see here a hobgoblin corpse.
Found an escape hatch in the floor.
Found an emerald potion.
An endoplasm comes into view.
The endoplasm quivers.
You see here an emerald potion.
Found a murky blue potion.
Found a stone staircase leading down.
Sigmund the Dreaded comes into view.
He is wielding a +0 scythe.
Found a stone staircase leading down.
Sigmund shouts!
Sigmund mumbles some strange words.
Sigmund flickers and vanishes!
Deactivating autopickup; reactivate with Ctrl-A.
You hit the endoplasm but do no damage. You headbutt the endoplasm.
You kill the endoplasm!
A rat comes into view.
You slash the rat!
You kill the rat!
No target in view!
Something hits you.
Found a glowing mace.
Something hits you! Something hits you. Something hits you.
Okay, then.
Okay, then.
You see here an emerald potion.
You hear some strange, mumbled words.
A puff of flame appears from out of thin air!
The puff of flame hits you. Something hits you!
* * * LOW HITPOINT WARNING * * *
You closely miss something. Something hits you!
You die...

#.# )# # #.# .#
# #.# .# # #.#
##.## # #.#
#...# # #
#.####..!##.#
#.###
#.#!#........#
#....
#.###.........#
#.###
#..#.#@.....>>#
# #
#....{........
#
##.#.#........
.
...#....#.####
##
#..#####..#.# #
#.. ...# # # #.
.... ## # ...##
##. ### #..


There were no monsters in sight!

Vanquished Creatures
  An adder (D:2)
  A worm (D:2)
  2 dart slugs
  An orc (D:2)
  2 bats (D:1)
  5 endoplasms
  A giant cockroach (D:1)
  2 goblins
  7 hobgoblins
  A jackal (D:1)
  5 kobolds (D:1)
  2 quokkas (D:1)
  6 ball pythons
  A rat (D:2)
37 creatures vanquished.

Notes
Turn   | Place    | Note
-------+----------+-------------------------------------------
     0 | D:1      | Babbit the Minotaur Fighter began the quest for the Orb.
     0 | D:1      | Reached XP level 1. HP: 19/19 MP: 0/0
   111 | D:1      | Reached XP level 2. HP: 26/27 MP: 1/1
   359 | D:1      | Found a faded altar of an unknown god.
   490 | D:1      | Reached XP level 3. HP: 33/33 MP: 2/2
   525 | D:1      | Got Sif Muna's Quarto of the Welkin
  1300 | D:2      | Noticed Sigmund
  1315 | D:2      | Slain by Sigmund

Illustrated notes

Levels and vault maps discovered:
D:1:      beargit_arrival_greenhouse, layout_basic, serial_glass,
          glass_columns_a, glass_columns_b, nicolae_ecumenical_snake_handling,
          hangedman_abyss_or_decor_lesser_grid, minmay_pentomino_t4
D:2:      layout_loops_ring, uniq_sigmund

Skill      XL: |  1  2 |
---------------+-------+-----
Armour         | 4 |  4.2
Shields        | 4 |  4.1
Fighting       | 4 |  4.1
Axes           | 3 |  3.5

Action                     || total
---------------------------++-------
  Melee: War axe           ||    73
         Headbutt          ||     9
    Use: Scroll            ||     3
 Armour: Scale mail        ||    19
  Dodge: Dodged            ||    34
  Block: Buckler           ||    23
